 Dungeon Crawl Stone Soup version 0.26.0-15-gc6cd9f700b (webtiles) character file.

Game seed: 3108772775160655414

1047 lessens the Cleaver (level 8, 0/64 HPs)
             Began as a Minotaur Fighter on Jan 15, 2021.
             Slain by a killer bee (6 damage)
             ... on level 4 of the Dungeon.
             The game lasted 00:04:04 (4056 turns).

lessens the Cleaver (Minotaur Fighter)              Turns: 4056, Time: 00:04:04

Health: 0/64       AC:  6    Str: 23    XL:     8   Next: 5%
Magic:  7/7        EV:  7    Int:  5    God:
Gold:   120        SH:  9    Dex: 10    Spells: 7/7 levels left

rFire    . . .     SeeInvis .   a - +0 war axe
rCold    . . .     Faith    .   c - +0 kite shield
rNeg     . . .     Spirit   .   b - +0 scale mail
rPois    .         Reflect  .   (helmet restricted)
rElec    .         Harm     .   (no cloak)
rCorr    .         Rampage  .   (no gloves)
Will     .....                  (no boots)
Stlth    ..........             (no amulet)
HPRegen  0.20/turn              (no ring)
MPRegen  0.10/turn              (no ring)

@: mighty, lethally poisoned (0 -> -12)
A: retaliatory headbutt, horns 2
a: no special abilities


You were on level 4 of the Dungeon.
You visited 1 branch of the dungeon, and saw 4 of its levels.

You collected 120 gold pieces.

Inventory:

Hand Weapons
 a - a +0 war axe (weapon)
Missiles
 h - 108 stones
 l - 8 boomerangs
 v - 2 poisoned darts (quivered)
Armour
 b - a +0 scale mail (worn)
 c - a +0 kite shield (worn)
 o - a +1 leather armour of poison resistance
 w - a cursed +0 cloak
Jewellery
 u - an uncursed ring of protection from fire
Wands
 x - a wand of iceblast (6)
 y - a wand of flame (6)
Scrolls
 e - a scroll of teleportation {unknown}
 g - 2 scrolls of enchant armour {unknown}
 i - 4 scrolls of remove curse {unknown}
 k - a scroll of immolation {unknown}
 m - 2 scrolls of enchant weapon {unknown}
 n - 2 scrolls of identify {unknown}
 r - a scroll of amnesia {unknown}
Potions
 f - 5 potions of curing
 j - 2 potions of invisibility {unknown}
 p - a potion of degeneration {unknown}
 q - a potion of ambrosia {unknown}
 s - 2 potions of heal wounds {unknown}
 t - 2 potions of flight {unknown}


   Skills:
 - Level 3.6 Fighting
 * Level 11.2 Axes
 - Level 3.6 Armour
 + Level 0.5 Dodging
 - Level 3.6 Shields


You had 7 spell levels left.
You didn't know any spells.
Your spell library was empty.

Dungeon Overview and Level Annotations

Branches:
Dungeon (4/15)             Temple (0/1) D:4

Altars:
Gozag
Vehumet

Annotations:
D:4 Sigmund


Innate Abilities, Weirdness & Mutations

You reflexively headbutt those who attack you in melee.
You have a pair of horns on your head.


Message History

The poisoned dart closely misses the killer bee. x2
The poisoned dart hits the killer bee.
The killer bee is poisoned.
The killer bee is lightly wounded.
You feel sick. The killer bee barely misses you. The killer bee stings you.
* * * LOW HITPOINT WARNING * * *
Throw: 3 darts (poison)
Press: ? - help, Q - select action, (/) - cycle Shift-Dir - straight line, f/p - killer bee
Aim: a killer bee (moderately wounded)
You throw a poisoned dart.
The poisoned dart closely misses the killer bee.
The poisoned dart closely misses the killer bee.
The poisoned dart misses the killer bee.
The poisoned dart misses the killer bee.
The killer bee looks more healthy.
You block the killer bee's attack. The killer bee stings you.
* * * LOW HITPOINT WARNING * * *
You are lethally poisoned!
The killer bee poisons you! The killer bee stings you.
You die...

#....# #### ### ######
#....##...# ..# #....#
#....##.#.#### ..# #...[#
#....#.......## ..
..#######....###[...#...#....# ..
......../...†+)'....†........##.5
##...........###....#.#._.#....@.
##...........#######.†.......# ..
.'.......÷......@yyyy..(#..... >.
##.......############.........#.#
.#.......# ##.'......<.#
.#.......# #.#....?...#
.#.......# ###'###.<..#
.#.......# .. #..#.. .#.......#
##.#..#.. .#.......# >+.'.) #.
.#.......# #.. .


You could see 4 killer bees.

Vanquished Creatures
  Pikel (D:4)
  Duvessa (D:4)
  An ogre (D:4)
  Dowan (D:4)
  A hound (D:4)
  4 orc wizards
  Terence (D:3)
  A howler monkey skeleton (D:4)
  4 adders
  4 gnolls
  2 ufetubi
  An adder skeleton (D:4)
  3 worms
  A dart slug (D:1)
  4 leopard geckos
  8 orcs (D:3)
  2 giant cockroaches
  8 goblins
  8 hobgoblins
  5 jackals
  7 bats
  3 frilled lizards
  7 kobolds
  10 rats
88 creatures vanquished.

Notes
Turn   | Place    | Note
-------+----------+-------------------------------------------
     0 | D:1      | lessens the Minotaur Fighter began the quest for the Orb.
     0 | D:1      | Reached XP level 1. HP: 19/19 MP: 0/0
    75 | D:1      | Reached skill level 3 in Axes
   109 | D:1      | Reached XP level 2. HP: 26/26 MP: 1/1
   197 | D:1      | Reached skill level 4 in Axes
   398 | D:1      | Reached XP level 3. HP: 31/31 MP: 2/2
  1041 | D:2      | Reached skill level 5 in Axes
  1076 | D:2      | Reached XP level 4. HP: 38/39 MP: 3/3
  2132 | D:3      | Reached skill level 6 in Axes
  2259 | D:3      | Noticed Terence
  2268 | D:3      | Killed Terence
  2269 | D:3      | Reached XP level 5. HP: 32/45 MP: 4/4
  2537 | D:3      | Found an opulent altar of Gozag.
  2886 | D:3      | Reached skill level 7 in Axes
  3287 | D:4      | Found a radiant altar of Vehumet.
  3287 | D:4      | Noticed Pikel
  3287 | D:4      | Noticed a lemure
  3287 | D:4      | Noticed a lemure
  3287 | D:4      | Noticed a lemure
  3287 | D:4      | Noticed Sigmund
  3288 | D:4      | Noticed a lemure
  3328 | D:4      | Noticed an ogre
  3335 | D:4      | Killed an ogre
  3336 | D:4      | Reached XP level 6. HP: 37/51 MP: 5/5
  3445 | D:4      | Noticed Duvessa
  3449 | D:4      | Noticed Dowan
  3463 | D:4      | Killed Dowan
  3464 | D:4      | Reached skill level 8 in Axes
  3464 | D:4      | Killed Duvessa
  3639 | D:4      | Reached skill level 9 in Axes
  3644 | D:4      | Reached XP level 7. HP: 53/57 MP: 6/6
  3746 | D:4      | Killed Pikel
  3747 | D:4      | Reached skill level 11 in Axes
  3747 | D:4      | Reached XP level 8. HP: 23/64 MP: 7/7
  4038 | D:4      | Found a staircase to the Ecumenical Temple.
  4056 | D:4      | Slain by a killer bee

Illustrated notes

Levels and vault maps discovered:
D:1:      wheals_arrival_shading, layout_basic, grunt_decor_one_mirror,
          serial_bayou_pond_d, minmay_box_of_dots
D:2:      layout_basic
D:3:      minmay_evil_eye, layout_loops_ring, lemuel_crystal_altar,
          grunt_ministairs_14, uniq_terence
D:4:      layout_basic, minmay_temple_entry_glassed_door, vehumet_altar_wand_db,
          uniq_pikel, uniq_sigmund, uniq_duvessa

Skill      XL: |  1  2  3  4  5  6  7 |
---------------+----------------------+-----
Axes           | 3 4 5 6 7 9 11 | 11.2
Fighting       | |  3.6
Armour         | |  3.6
Dodging        | |  0.5
Shields        | |  3.6

Action                   |  1- 3 |  4- 6 |  7- 9 || total
-------------------------+-------+-------+-------++-------
Melee: War axe           |    78 |   126 |    30 ||   234
       Headbutt          |     8 |    22 |     4 ||    34
Throw: Dart              |       |     5 |     3 ||     8
  Use: Potion            |       |       |     3 ||     3
 Stab: Distracted        |       |     1 |       ||     1
Armor: Scale mail        |    33 |    44 |     8 ||    85
Dodge: Dodged            |    27 |    45 |    12 ||    84
Block: Kite shield       |    47 |    71 |    19 ||   137
